Map: Dusk Towers

Players

capac

  • Race: Terran Terran
  • League: Gold

CptObvious - Winner!

  • Race: Terran Terran

VOD

Have the link to the VOD?

Description

Time

  • Played on: Feb. 25, 2016, 3:40 p.m.
  • Length: 10:07
Show
View Real Time Build Order
Export as new Build Order

capac Terran 

Build Orders:  

Get SALT Encoding   

  12  0:01  SCV  
  13  0:13  SCV  
  14  0:18  Supply Depot  
  14  0:27  SCV  
  15  0:40  SCV  
  15  0:42  Barracks  
  16  0:47  Refinery  
  16  0:55  SCV  
  17  1:07  SCV  
  18  1:21  SCV  
  20  1:35  Supply Depot  
  20  1:37  Barracks Reactor  
  19  1:42  Command Center  
  19  1:45  SCV  
  20  1:58  Orbital Command  
  19  2:16  Marine x2  
  19  2:17  Factory  
  21  2:40  Barracks  
  21  2:41  SCV  
  22  2:46  Marine  
  22  2:47  Marine  
  24  2:56  Orbital Command  
  24  2:58  SCV  
  25  3:02  Refinery  
  25  3:10  Starport  
  25  3:14  SCV  
  25  3:19  Marine x2  
  27  3:23  Factory Reactor  
  28  3:31  SCV  
  29  3:35  SCV  
  29  3:39  Barracks Tech Lab  
  30  3:44  Marine x2  
  32  4:00  SCV x2  
  34  4:06  Marine  
  34  4:07  Marine x2  
  37  4:12  Supply Depot, SCV x2  
  37  4:16  Engineering Bay  
  39  4:20  Medivac x2  
  43  4:24  Factory Tech Lab, SCV x2  
  43  4:25  Marine  
  46  4:34  Marine x2  
  46  4:38  Stimpack  
  48  4:39  SCV x2  
  50  4:47  Supply Depot  
  50  4:51  Missile Turret  
  50  4:57  Marine  
  50  4:58  Marine x2  
  53  5:08  Siege Tank  
  53  5:09  SCV x2  
  53  5:12  Supply Depot  
  58  5:20  Medivac  
  60  5:22  Medivac  
  62  5:33  Marine x3, SCV x2  
  62  5:35  Barracks x2  
  67  5:36  Supply Depot  
  67  5:40  Liberator  
  67  5:46  SCV x2  
  69  5:51  Marine  
  70  5:57  Marine x2  
  70  5:58  SCV x2  
  62  6:21  Siege Tank  
  62  6:25  Barracks Reactor  
  65  6:31  SCV x2  
  67  6:36  Refinery  
  67  6:37  Refinery, Barracks Reactor  
  67  6:46  Marine x3  
  70  6:56  Supply Depot  
  70  7:04  Marine x2  
  72  7:13  Siege Tank  
  72  7:14  Medivac  
  77  7:16  Command Center  
  77  7:19  SCV x2  
  77  7:21  Supply Depot  
  79  7:28  Marine x6  
  85  7:37  Starport  
  85  7:39  SCV  
  85  7:43  SCV  
  87  7:44  Supply Depot  
  87  7:46  Siege Tank  
  87  7:47  Medivac x2  
  94  7:58  Supply Depot  
  94  8:06  Marine x5, SCV  
  100  8:15  Starport Reactor  
  100  8:18  Supply Depot  
  100  8:20  Medivac  
  100  8:21  Marine, Medivac  
  100  8:22  Marine  
  100  8:23  Marine x2  
  100  8:24  Marine x2  
  109  8:41  Missile Turret  
  109  8:42  Missile Turret  
  109  8:43  Missile Turret  
  109  8:46  Missile Turret  
  109  8:57  Liberator x2  
  109  8:58  Liberator  
  109  9:13  Siege Tank  
  109  9:16  Marine  
  109  9:17  Marine x6  
  128  9:34  Marine  
Show
View Real Time Build Order
Export as new Build Order

CptObvious Terran - Winner!

Build Orders: MMM Bio 

Get SALT Encoding   

  12  0:03  SCV  
  13  0:15  SCV  
  14  0:21  Supply Depot  
  14  0:40  SCV  
  15  0:45  Barracks  
  15  1:04  SCV  
  16  1:15  Command Center  
  16  1:21  SCV  
  17  1:25  Refinery  
  17  1:31  Marine  
  18  1:38  Supply Depot  
  18  1:40  SCV  
  19  1:52  SCV  
  20  1:56  Marine  
  21  2:15  Orbital Command  
  21  2:22  Barracks  
  21  2:23  Barracks Tech Lab  
  22  2:36  Orbital Command  
  21  2:43  Barracks  
  21  2:46  SCV  
  22  2:54  Marine, Stimpack  
  22  2:58  SCV  
  24  3:01  SCV  
  25  3:09  Barracks Reactor  
  25  3:17  Engineering Bay  
  25  3:19  SCV  
  26  3:20  SCV  
  26  3:21  Refinery  
  27  3:31  Barracks Reactor  
  27  3:37  SCV x2  
  27  3:38  Bunker  
  29  3:44  Marine  
  29  3:46  Marine  
  29  3:47  Marine  
  32  3:49  SCV x2  
  32  3:51  Terran Infantry Weapons Level 1  
  34  4:01  SCV x2  
  36  4:03  Marine  
  36  4:04  Marine  
  36  4:05  Marine  
  39  4:17  Refinery, SCV x2  
  39  4:18  Refinery, Factory  
  41  4:34  Marine x5  
  46  4:41  Supply Depot  
  46  4:42  Supply Depot  
  46  4:51  Command Center  
  46  5:03  Marine x5  
  51  5:08  Factory Tech Lab  
  51  5:11  Starport  
  51  5:16  SCV  
  51  5:20  Marine x2  
  51  5:21  Marine, SCV  
  56  5:22  Marine  
  57  5:31  Combat Shields  
  57  5:42  Supply Depot  
  57  5:44  Supply Depot  
  57  5:46  Terran Infantry Armor Level 1  
  57  5:47  Starport Reactor  
  57  5:53  Supply Depot, Siege Tank  
  57  5:54  Marine x2  
  62  6:02  Marine  
  52  6:21  Marine x3  
  52  6:22  Marine x2  
  57  6:27  Orbital Command  
  57  6:38  Medivac x2  
  57  6:39  Marine  
  62  6:42  Missile Turret  
  62  6:45  SCV  
  63  6:47  SCV  
  64  6:58  Marine x5  
  69  7:02  Siege Tank  
  69  7:08  Medivac  
  74  7:10  SCV x2  
  74  7:11  SCV  
  77  7:19  Engineering Bay  
  77  7:22  Medivac  
  79  7:23  Armory  
  79  7:31  Marine x5  
  79  7:32  SCV x2  
  86  7:38  Medivac  
  86  7:42  SCV  
  89  7:44  SCV  
  89  7:45  SCV  
  89  7:47  Siege Tank  
  89  7:48  Marine  
  89  7:49  Marine x3  
  98  7:54  SCV  
  98  7:56  SCV  
  98  7:57  SCV  
  101  8:29  Barracks  
  101  8:31  Barracks  
  101  8:33  Barracks  
  101  8:44  Marine x5  
  101  8:47  Supply Depot  
  106  8:55  Supply Depot  
  106  8:56  Supply Depot, SCV x2  
  106  8:57  Supply Depot  
  106  9:02  Marine  
  108  9:08  Marine  
  108  9:09  Siege Tank, Medivac x2  
  117  9:16  Marine x3  
  120  9:20  Marine  
  120  9:22  Barracks Reactor x2  
  121  9:26  Marine  
  122  9:34  Marine  
  123  9:42  Marine x3  
  123  9:44  Marine  
  128  9:46  Barracks Reactor  
  133  9:54  Refinery  
  133  9:55  Refinery  
Tags
 
Composition
MMM Bio
League
Gold
Matchup
TvT
Race
Terran
Add a new tag
Caveats
  • Supply blocks, unpowered buildings, or Contaminate may cause inaccurate times.
  • Supply counts are checked every 10 seconds.